 Dungeon Crawl Stone Soup version 0.31-a0-149-g3fdcc5976a (webtiles) character file.

Game seed: 11106060072221453946

36 qw the Shooter (level 3, -4/31 HPs)
             Began as a Minotaur Hunter on June 7, 2023.
             Slain by Sigmund
             ... wielding a +0 scythe
              (8 damage)
             ... on level 2 of the Dungeon.
             The game lasted 00:00:21 (871 turns).

qw the Shooter (Minotaur Hunter)                     Turns: 871, Time: 00:00:22

Health: -4/31      AC:  3    Str: 15    XL:     3   Next: 19%
Magic:  2/2        EV: 12    Int:  6    God:
Gold:   47         SH:  0    Dex: 15    Spells: 2/2 levels left

rFire   . . .        Y - +1 shortbow
rCold   . . .        (shield currently unavailable)
rNeg    . . .        c - +0 leather armour
rPois   .            (helmet restricted)
rElec   .            (no cloak)
rCorr   .            (no gloves)
SInv    .            (no boots)
Will    .....        (no amulet)
Stlth   +            (no ring)
HPRegen 0.25/turn    (no ring)
MPRegen 0.08/turn

%: no passive effects
@: no status effects
A: horns 2, retaliatory headbutt
a: no special abilities


You were on level 2 of the Dungeon.
You visited 1 branch of the dungeon, and saw 2 of its levels.

You collected 47 gold pieces.


Innate Abilities, Weirdness & Mutations

You have a pair of horns on your head.
You reflexively headbutt those who attack you in melee.


   Skills:
 - Level 3.0 Fighting
 + Level 5.3 Ranged Weapons
 - Level 2.1 Dodging
 - Level 0.7 Stealth


You had 2 spell levels left.
You didn't know any spells.
Your spell library was empty.

Inventory:

Hand Weapons
 Y - a +1 shortbow (weapon)
Armour
 c - a +0 leather armour (worn)
 f - a +0 ring mail
Scrolls
 a - a scroll of identify
 b - a scroll of immolation {unknown}
 d - a scroll of poison {unknown}
Potions
 e - a potion of brilliance {unknown}
 g - a potion of might

Dungeon Overview and Level Annotations

Branches:
Dungeon (2/15)

Altars:

Annotations:
D:2 Sigmund


Message History

Enter note:
d - a scroll labelled COCLOE ILAHOO
Enter note:
Enter note:
f - a +0 ring mail You open the door.
Sigmund the Dreaded comes into view.
He is wielding a +0 scythe.
Sigmund shouts!
Enter note:
Enter note: You shoot an arrow.
The arrow hits Sigmund.
Sigmund is lightly wounded.
Sigmund breathes a few words.
Sigmund's hands start flickering wildly.
Sigmund gestures at you while chanting. The magic dart hits you.
You shoot an arrow. The arrow hits Sigmund.
Sigmund is lightly wounded.
Sigmund casts a spell at you.
You are confused.
Sigmund barely misses you. Sigmund closely misses you.
Sigmund hits you from afar with a +0 scythe!
Sigmund gestures wildly while chanting.
Sigmund flickers and vanishes!
Deactivating autopickup; reactivate with Ctrl-A.
You shoot an arrow.
You feel less confused.
You hear some strange, mumbled words.
A puff of flame appears from out of thin air!
The puff of flame hits you!
You shoot an arrow. Something hits you but does no damage.
You shoot an arrow. Something hits you.
You shoot an arrow. Something completely misses you.
You shoot an arrow. Something hits you!
You die...

### ##### ##.## ##)..##
##...## #.....###.....#
#..#...###...###.##
#.....<............
###....######.####.##
#...#...# #@# #.#####.#
#'# #...#...# .{.
###.#.# # ..... ##...#
.......
#####...####.........
...........+..........
#####(..####..........#
##..#


There were no monsters in sight!

Vanquished Creatures
  2 worms (D:2)
  3 ball pythons (D:1)
  An endoplasm (D:1)
  3 giant cockroaches (D:1)
  2 goblins (D:1)
  2 hobgoblins (D:1)
  5 jackals (D:1)
  A quokka (D:2)
  2 bats (D:1)
  2 frilled lizards (D:1)
  2 kobolds (D:1)
  3 rats
28 creatures vanquished.

Notes
Turn   | Place    | Note
-------+----------+-------------------------------------------
     0 | D:1      | qw the Minotaur Hunter began the quest for the Orb.
     0 | D:1      | Reached XP level 1. HP: 18/18 MP: 0/0
     0 | D:1      | 0 ||| qw: Version: 0.2-a-117-gc6b5c8b
     0 | D:1      | 0 ||| qw: Game counter: 2588
     0 | D:1      | 0 ||| qw: Always use a shield: true
     0 | D:1      | 0 ||| qw: God list: Okawaru
     0 | D:1      | 0 ||| qw: Allow faded altars: false
     0 | D:1      | 0 ||| qw: Do Orc after D:15 true
     0 | D:1      | 0 ||| qw: Do second Lair branch before Depths: true
     0 | D:1      | 0 ||| qw: Lair rune preference: random
     0 | D:1      | 0 ||| qw: Plans: Normal
     0 | D:1      | 0 ||| PLANNING D:1-11
   116 | D:1      | Reached XP level 2. HP: 16/25 MP: 1/1
   179 | D:1      | Reached skill level 5 in Ranged Weapons
   392 | D:1      | Reached skill level 3 in Fighting
   481 | D:1      | Found a faded altar of an unknown god.
   566 | D:1      | 566 ||| READING 2 scrolls labelled WADYRALAAX.
   567 | D:1      | 567 ||| READING scroll labelled CUOLLU DYOBIGISY.
   568 | D:1      | 568 ||| DRINKING 2 orange potions.
   569 | D:1      | 569 ||| DROPPING scroll of butterflies.
   617 | D:2      | Reached XP level 3. HP: 31/31 MP: 2/2
   858 | D:2      | Noticed Sigmund
   867 | D:2      | HP: 4/31 [something/puff of flame (13)]
   871 | D:2      | Slain by Sigmund

Levels and vault maps discovered:
D:1:      amcnicky_arrival_flooded_fountain, layout_rooms,
          ebering_ecumenical_altar_webs
D:2:      layout_loops_corners, basic_altar, kennysheep_cross_bottleneck,
          uniq_sigmund

Skill      XL: |  1  2 |
---------------+-------+-----
Ranged Weapons | 5 |  5.3
Fighting       | 3 |  3.0
Dodging        | |  2.1
Stealth        | |  0.7

Action                     || total
---------------------------++-------
   Fire: Shortbow          ||    85
    Use: Scroll            ||     2
         Potion            ||     1
 Armour: Leather armour    ||     9
  Dodge: Dodged            ||    45

Table legend:
 A = Non-vault XP
 B = Vault XP
 C = Vault XP percentage of total XP
 D = Non-vault monster count
 E = Vault monster count
 F = Vault count percentage of total count
                 A         B        C        D         E       F
            +---------+---------+-------+---------+---------+-------
      Total |      52 |       0 |   0.0 |      28 |       0 |   0.0
            +---------+---------+-------+---------+---------+-------
        D:1 |      39 |       0 |   0.0 |      24 |       0 |   0.0
        D:2 |      13 |       0 |   0.0 |       4 |       0 |   0.0
            +---------+---------+-------+---------+---------+-------
